 Dungeon Sprint DCSS version 0.31-a0-960-g0fca184906 (webtiles) character file.

Game seed: 17850438948487242949

3424 sircluck the Grappler (level 9, -9/101 HPs)
             Began as a Troll Fighter on Oct 23, 2023.
             Mangled by a snapping turtle (22 damage)
             ... in the Dungeon (Sprint VII: "The Pits").
             The game lasted 00:02:16 (627 turns).

sircluck the Grappler (Troll Fighter)                Turns: 627, Time: 00:02:17

Health: -9/101     AC:  4    Str: 30    XL:     9   Next: 76%
Magic:  8/8        EV: 14    Int:  4    God:
Gold:   0          SH: 11    Dex:  9    Spells: 8/8 levels left

rFire   . .          .
                       - Unarmed
rCold   . . .        b - +0 kite shield
rNeg    . . .        a - +0 robe
rPois   .            (helmet restricted)
rElec   .            (no cloak)
rCorr   .            (gloves unavailable)
SInv    .            (boots unavailable)
Will    .....        (no amulet)
Stlth   +            p - +3 ring of evasion
HPRegen 1.16/turn    (no ring)
MPRegen 0.11/turn

%: no teleportation
@: no status effects
A: large, unfitting armour, claws 3, regeneration 1, shaggy fur 1, tough skin 1
a: no special abilities


You were in the Dungeon.
You visited 1 branch

Inventory:

Missiles
 q - 5 large rocks
Armour
 a - a +0 robe (worn)
 b - a +0 kite shield (worn)
Jewellery
 n - a +3 ring of intelligence
 p - a +3 ring of evasion (left claw)
Scrolls
 i - a scroll of blinking
 k - 2 scrolls of vulnerability
 l - 5 scrolls of amnesia
 m - a scroll of butterflies
Potions
 c - a potion of might
 d - 8 potions of curing
 e - 10 potions of heal wounds
 f - a potion of haste
 g - 4 potions of magic
 h - 5 potions of berserk rage
 j - 2 potions of invisibility
 o - 2 potions of brilliance


   Skills:
 + Level 10.1 Fighting
 + Level 10.1 Dodging
 + Level 11.0 Shields
 + Level 11.7 Unarmed Combat


You had 8 spell levels left.
You didn't know any spells.
Your spell library was empty.

Dungeon Overview and Level Annotations

Branches:
Dungeon (1/1)

Altars:
Ashenzari
Cheibriados
Dithmenos
Elyvilon
Fedhas
Gozag
Hepliaklqana
Kikubaaqudgha
Makhleb
Nemelex Xobeh
Okawaru
Qazlal
Ru
Sif Muna
Trog
Uskayaw
Vehumet
Wu Jian
Xom
Yredelemnul
Zin
The Shining One
Jiyva
Lugonu


Innate Abilities, Weirdness & Mutations

You are too large for most types of armour.
You have claws for hands.
Your natural rate of healing is unusually fast.
You are covered in fur. (AC +1)
You have tough skin. (AC +1)


Message History

The wolf barely misses you. The snapping turtle bites you!
The troll shouts!
You claw the snapping turtle!
The snapping turtle is severely wounded.
The wolf bites you!
* * * LOW HITPOINT WARNING * * *
You block the snapping turtle's attack.
You completely miss the snapping turtle.
The snapping turtle is heavily wounded.
You block the wolf's attack.
The snapping turtle bites you but does no damage.
You completely miss the snapping turtle.
The snapping turtle is heavily wounded.
The wolf misses you. x2; The snapping turtle misses you.
The wolf closely misses you.
Sorry, you're not good enough to have a special ability.
Okay, then.
Sorry, you're not good enough to have a special ability.
You scratch the snapping turtle but do no damage.
The snapping turtle is heavily wounded.
You block the wolf's attack. x2; The wolf barely misses you.
The snapping turtle bites you!
* * * LOW HITPOINT WARNING * * *
You barely miss the snapping turtle.
The snapping turtle is heavily wounded.
The wolf barely misses you. x2
You scratch the snapping turtle but do no damage.
The snapping turtle is heavily wounded.
You block the wolf's attack. The wolf closely misses you.
The snapping turtle completely misses you.
The wolf bites you.
* * * LOW HITPOINT WARNING * * *
The wolf bites you!
* * * LOW HITPOINT WARNING * * *
Unknown command.
You scratch the snapping turtle but do no damage.
The snapping turtle is heavily wounded.
You block the wolf's attack. The wolf closely misses you.
The snapping turtle bites you!!
You die...

#... #... #..# #..#
#..# ####### #h.#
..##..# #tT#
..##..# #@h#
..''..# #..#
..''..##########..#
..##..............#
..##..............#
###################


You could see a snapping turtle, a troll and 2 wolves.

Vanquished Creatures
  A two-headed ogre (D)
  A cyclops (D)
  An orc sorcerer (D)
  Joseph (D)
  3 glass eyes (D)
  2 flying skulls (D)
  A warg (D)
  A water moccasin (D)
  An orc warrior (D)
  A swamp drake (D)
  An ice beast (D)
  A wolf (D)
  A phantom (D)
  A scorpion (D)
  2 jellies (D)
  An orc priest (D)
  A gnoll (D)
  A river rat (D)
  An adder zombie (D)
  A worm (D)
  An orc (D)
  A bat skeleton (D)
  2 bat zombies (D)
  An endoplasm (D)
  A giant cockroach (D)
  2 goblins (D)
  A quokka (D)
  A frilled lizard (D)
34 creatures vanquished.

Notes
Turn   | Place    | Note
-------+----------+-------------------------------------------
     0 | D        | sircluck the Troll Fighter began the quest for the Orb.
     0 | D        | Reached XP level 1. HP: 22/22 MP: 0/0
    23 | D        | Found a bloodstained altar of Trog.
    23 | D        | Found a shimmering blue altar of Sif Muna.
    23 | D        | Found a viscous altar of Jiyva.
    23 | D        | Found a hazy altar of Hepliaklqana.
    23 | D        | Found an opulent altar of Gozag.
    24 | D        | Found a glowing golden altar of the Shining One.
    24 | D        | Found a glowing silver altar of Zin.
    24 | D        | Found a basalt altar of Yredelemnul.
    24 | D        | Found a shimmering altar of Xom.
    24 | D        | Found an ornate altar of the Wu Jian Council.
    24 | D        | Found a sacrificial altar of Ru.
    24 | D        | Found a stormy altar of Qazlal.
    24 | D        | Found an iron altar of Okawaru.
    24 | D        | Found a sparkling altar of Nemelex Xobeh.
    24 | D        | Found a burning altar of Makhleb.
    24 | D        | Found a blossoming altar of Fedhas.
    24 | D        | Found a white marble altar of Elyvilon.
    24 | D        | Found a shadowy altar of Dithmenos.
    24 | D        | Found a snail-covered altar of Cheibriados.
    26 | D        | Found a radiant altar of Vehumet.
    26 | D        | Found a corrupted altar of Lugonu.
    27 | D        | Found a hide-covered altar of Uskayaw.
    27 | D        | Found an ancient bone altar of Kikubaaqudgha.
    27 | D        | Found a broken altar of Ashenzari.
    66 | D        | Noticed a glass eye
    81 | D        | Killed a glass eye
    82 | D        | Reached skill level 5 in Fighting
    82 | D        | Reached skill level 5 in Dodging
    82 | D        | Reached skill level 5 in Shields
    82 | D        | Reached skill level 5 in Unarmed Combat
    82 | D        | Reached XP level 2. HP: 35/35 MP: 1/1
    82 | D        | Reached XP level 3. HP: 42/42 MP: 2/2
    82 | D        | Reached XP level 4. HP: 50/50 MP: 3/3
    82 | D        | Reached XP level 5. HP: 57/57 MP: 4/4
   130 | D        | Noticed a glass eye
   131 | D        | Noticed a glass eye
   136 | D        | Killed a glass eye
   137 | D        | Reached XP level 6. HP: 67/67 MP: 5/5
   143 | D        | Killed a glass eye
   144 | D        | Reached XP level 7. HP: 75/76 MP: 6/6
   233 | D        | Noticed a flying skull
   250 | D        | Killed a flying skull
   297 | D        | Noticed an orc sorcerer
   303 | D        | Killed an orc sorcerer
   304 | D        | Reached XP level 8. HP: 83/88 MP: 7/7
   331 | D        | Noticed a two-headed ogre
   339 | D        | Killed a two-headed ogre
   340 | D        | Reached skill level 10 in Unarmed Combat
   340 | D        | Reached XP level 9. HP: 78/98 MP: 8/8
   346 | D        | Reached skill level 10 in Shields
   463 | D        | Noticed Joseph
   478 | D        | Killed Joseph
   538 | D        | Noticed a cyclops
   546 | D        | Killed a cyclops
   547 | D        | Reached skill level 10 in Dodging
   551 | D        | Reached skill level 10 in Fighting
   620 | D        | Noticed a troll
   627 | D        | Mangled by a snapping turtle

Illustrated notes

Levels and vault maps discovered:
D:        pitsprint [storerooms_1, entrance_room_1, metal_vault_5, armoury_1,
          mini_pit_1, grid_room_1, main_hall_1, silver_pit, the_coven_3,
          the_vestibule_1, steel_vault_2, golden_pit, hallway_of_sentries,
          crystal_vault_3, iron_vault_1, final_vault]

Skill      XL: |  1  2  3  4  5  6  7  8  9 |
---------------+----------------------------+-----
Shields        | 5 6 7 9 11 | 11.0
Fighting       | 5 6 8 9 10 | 10.1
Dodging        | 5 6 8 9 10 | 10.1
Unarmed Combat | 5 7 9 10 11 | 11.7

Action                     |  1- 3 |  4- 6 |  7- 9 || total
---------------------------+-------+-------+-------++-------
  Melee: Unarmed           |    17 |    28 |   111 ||   156
   Stab: Sleeping          |     1 |       |       ||     1
 Armour: Robe              |     4 |    14 |    45 ||    63
  Dodge: Dodged            |     2 |    11 |    38 ||    51
  Block: Kite shield       |       |     6 |    46 ||    52

Table legend: (Time is in decaauts)
 A = Elapsed time spent in this place.
 B = Non-inter-level travel time spent in this place.
 C = Inter-level travel time spent in this place.
 D = Time resting spent in this place.
 E = Time spent auto-exploring this place.
 F = Levels seen in this place.
 G = Mean time per level.
                   A        B        C        D        E       F      G
               +--------+--------+--------+--------+--------+-----+--------+
         Total |    614 |    581 |     33 |     85 |    172 |   1 |  614.0 |
       Dungeon |    614 |    581 |     33 |     85 |    172 |   1 |  614.0 |
               +--------+--------+--------+--------+--------+-----+--------+

Top non-repeatable levels by time:
       D: 614 daAuts
